 Dungeon Crawl Stone Soup version 0.32-a0-576-g706899e69d (webtiles) character file.

Game seed: 17749475905790466495

366 Djon the Poker (level 6, -2/50 HPs)
             Began as a Human Monk on Feb 29, 2024.
             Slain by a scorpion (5 damage)
             ... on level 4 of the Dungeon on Mar 2, 2024.
             The game lasted 00:04:58 (1647 turns).

Djon the Poker (Human Monk)                         Turns: 1647, Time: 00:04:59

Health: -2/50      AC:  8    Str: 13    XL:     6   Next: 68%
Magic:  6/6        EV: 15    Int: 11    God:
Gold:   42         SH:  0    Dex: 15    Spells: 5/5 levels left

rFire   . . .        a - +0 spear
rCold   . . .        d - orb {light}
rNeg    . . .        p - +0 scale mail
rPois   .            q - +0 helmet
rElec   .            (no cloak)
rCorr   .            (no gloves)
SInv    .            l - +0 pair of boots
Will    .....        (no amulet) Stlth
                     o - +5 ring of evasion
HPRegen 0.28/turn    (no ring)
MPRegen 0.10/turn

%: no passive effects
@: lethally poisoned (-2 -> -10), glowing
A: explore regen
a: no special abilities


You were on level 4 of the Dungeon.
You visited 1 branch of the dungeon, and saw 5 of its levels.

You collected 42 gold pieces.

Inventory:

Hand Weapons
 a - a +0 spear (weapon)
Armour
 d - an orb of light (worn)
 l - a +0 pair of boots (worn)
 p - a +0 scale mail (worn)
 q - a +0 helmet (worn)
Jewellery
 o - a +5 ring of evasion (left hand)
Talismans
 e - a beast talisman
Wands
 n - a wand of mindburst (20)
Scrolls
 b - a scroll of fog {unknown}
 g - 3 scrolls of identify {unknown}
 h - 2 scrolls of enchant armour {unknown}
 i - a scroll of blinking {unknown}
 j - a scroll of acquirement {unknown}
 m - a scroll of immolation {unknown}
Potions
 c - 3 potions of ambrosia
 f - a potion of attraction {unknown}
 k - 2 potions of lignification {unknown}


   Skills:
 + Level 4.8 Fighting
 * Level 6.0 Polearms
 - Level 3.2 Dodging


You had 5 spell levels left.
You didn't know any spells.
Your spell library was empty.

Dungeon Overview and Level Annotations

Branches:
Dungeon (5/15)
 Temple: D:4-7

Altars:

Shops:
D:3 :


Innate Abilities, Weirdness & Mutations

You regain HP and MP as you explore.


Message History

The scorpion barely misses you. The orc barely misses you. The orc misses you.
You barely miss the orc. The orc hits you with a +0 hand axe.
The scorpion stings you but does no damage.
The orc hits you but does no damage.
You hit the orc.
The orc is heavily wounded.
The orc hits you with a +0 dagger. The scorpion stings you.
The orc barely misses you.
You hit the orc.
The orc is severely wounded.
The orc completely misses you. The scorpion misses you.
The orc hits you with a +0 dagger.
* * * LOW HITPOINT WARNING * * *
The orc hits you but does no damage.
You hit the orc.
You kill the orc!
The scorpion barely misses you. The orc completely misses you.
The orc hits you but does no damage. The orc closely misses you.
The orc barely misses you.
You see here a +0 hand axe.
You hit the orc but do no damage. The scorpion closely misses you.
The orc hits you but does no damage.
You hit the orc but do no damage. The orc hits you with a +0 hand axe.
* * * LOW HITPOINT WARNING * * *
The scorpion stings you but does no damage.
You hit the orc but do no damage. The orc misses you.
The orc hits you but does no damage. The scorpion misses you.
You hit the orc but do no damage. The orc barely misses you.
The scorpion closely misses you. The orc hits you with a +0 hand axe.
* * * LOW HITPOINT WARNING * * *
You barely miss the orc. The scorpion stings you.
* * * LOW HITPOINT WARNING * * *
You are lethally poisoned!
The scorpion poisons you! The orc hits you with a +0 dagger.
* * * LOW HITPOINT WARNING * * *
The orc completely misses you.
You hit the orc but do no damage.
* * * LOW HITPOINT WARNING * * *
You feel sick. The scorpion stings you.
You die...

##.##.............#.#
.. ##
#...............# ...
####..#.........###...
#..###......^......
##...##.............
#...........##.....#
#..........#.......#
##.........>..##....
#....o@###).## ....
#..#.os# #### .. ##
##†## ... ##.. ...
##.. ###


You could see a scorpion and 2 orcs.

Vanquished Creatures
  An ogre (D:4)
  A scorpion (D:4)
  2 hounds (D:4)
  An orc wizard (D:5)
  2 iguanas (D:4)
  Robin (D:4)
  2 adders (D:3)
  A dart slug (D:1)
  5 orcs (D:4)
  4 endoplasms
  A giant cockroach (D:2)
  10 goblins
  7 hobgoblins
  3 kobolds
  2 quokkas
  2 ball pythons (D:2)
  4 bats
  2 frilled lizards
  2 rats
53 creatures vanquished.

Notes
Turn   | Place    | Note
-------+----------+-------------------------------------------
     0 | D:1      | Djon the Human Monk began the quest for the Orb.
     0 | D:1      | Reached XP level 1. HP: 18/18 MP: 1/1
     0 | D:1      | Upgraded the game from 0.32-a0-571-gec57dfcd37 to
                  | 0.32-a0-576-g706899e69d
    87 | D:1      | Reached XP level 2. HP: 24/24 MP: 2/2
   407 | D:2      | Reached XP level 3. HP: 29/29 MP: 3/3
   481 | D:3      | Found Hewoseal's Book Shoppe.
   708 | D:4      | Noticed Robin
   716 | D:4      | Reached skill level 4 in Polearms
   883 | D:4      | Reached XP level 4. HP: 35/36 MP: 4/4
   906 | D:4      | Killed Robin
   967 | D:5      | Entered Level 5 of the Dungeon
  1198 | D:5      | Noticed an ogre
  1209 | D:4      | Reached XP level 5. HP: 42/42 MP: 5/5
  1266 | D:4      | Reached skill level 5 in Polearms
  1273 | D:4      | Reached XP level 6. HP: 46/49 MP: 6/6
  1421 | D:4      | HP: 1/49 [iguana (4)]
  1603 | D:5      | Reached skill level 6 in Polearms
  1647 | D:4      | Slain by a scorpion

Illustrated notes

Levels and vault maps discovered:
D:1:      amcnicky_arrival_underground_garden, layout_loops_ring,
          chequers_serial_rivers_micro_e, reono_crystal_passage,
          minmay_tetromino_o4
D:2:      layout_rooms
D:3:      layout_basic, serial_shops, shop, minmay_cupped, uniq_natasha
D:4:      layout_cave_pools, uniq_edmund, uniq_menkaure, uniq_robin
D:5:      layout_rooms

Skill      XL: |  1  2  3  4  5  6 |
---------------+-------------------+-----
Polearms       | 4 5 6 |  6.0
Fighting       | 4 |  4.8
Dodging        | |  3.2

Action                     |  1- 3 |  4- 6 || total
---------------------------+-------+-------++-------
  Melee: Spear             |   104 |   161 ||   265
 Armour: Robe              |     4 |       ||     4
         Ring mail         |    34 |       ||    34
         Scale mail        |    32 |   107 ||   139
  Dodge: Dodged            |    94 |   170 ||   264

Table legend: (Time is in decaauts)
 A = Elapsed time spent in this place.
 B = Non-inter-level travel time spent in this place.
 C = Inter-level travel time spent in this place.
 D = Time resting spent in this place.
 E = Time spent auto-exploring this place.
 F = Levels seen in this place.
 G = Mean time per level.
                   A        B        C        D        E       F      G
               +--------+--------+--------+--------+--------+-----+--------+
         Total |   1623 |   1556 |     67 |    596 |    428 |   5 |  324.6 |
       Dungeon |   1623 |   1556 |     67 |    596 |    428 |   5 |  324.6 |
               +--------+--------+--------+--------+--------+-----+--------+

Top non-repeatable levels by time:
     D:4: 737 daAuts
     D:3: 340 daAuts
     D:2: 328 daAuts
     D:1: 146 daAuts
     D:5: 71 daAuts
